Map: World of Sleepers LE

Players

BOOOOOOOOOoM - Winner!

  • Race: Terran Terran
  • League: Master
  • Spawn Location: 7:00

MrDicey

  • Race: Zerg Zerg
  • League: Master
  • Spawn Location: 1:00

VOD

Have the link to the VOD?

Description

Time

  • Played on: Aug. 27, 2019, 3:45 a.m.
  • Length: 16:17
Show
View Real Time Build Order
Export as new Build Order

BOOOOOOOOOoM Terran - Winner!

Build Orders: Reaper Expand 

Get SALT Encoding   

  12  0:00  SCV  
  13  0:12  SCV  
  14  0:23  Supply Depot  
  14  0:25  SCV  
  15  0:44  SCV  
  15  0:45  Barracks  
  16  0:56  SCV  
  17  0:57  Refinery  
  17  1:08  SCV  
  18  1:21  SCV  
  19  1:33  Orbital Command  
  19  1:38  Command Center  
  19  1:40  Reaper  
  19  1:43  Refinery  
  20  1:59  Supply Depot  
  20  2:00  SCV  
  21  2:12  SCV  
  22  2:23  Factory  
  22  2:25  SCV  
  23  2:37  SCV  
  23  2:39  Barracks Reactor  
  24  2:49  SCV  
  24  2:50  Orbital Command  
  25  3:01  SCV  
  26  3:12  Armory  
  26  3:14  SCV  
  27  3:20  SCV  
  27  3:23  Barracks Tech Lab  
  27  3:24  Widow Mine  
  27  3:25  Widow Mine  
  27  3:26  SCV  
  33  3:32  SCV  
  34  3:38  SCV  
  34  3:40  Refinery  
  35  3:43  Factory  
  35  3:44  SCV  
  35  3:46  Widow Mine x2  
  40  3:50  SCV  
  41  3:56  SCV  
  41  4:02  SCV, Refinery  
  43  4:09  SCV  
  44  4:11  Barracks Reactor  
  44  4:14  SCV  
  44  4:15  Starport  
  44  4:21  SCV, Drilling Claws  
  44  4:23  Terran Vehicle And Ship Armor Level 1  
  45  4:26  SCV  
  46  4:35  Factory Reactor  
  46  4:41  Factory  
  46  4:48  Supply Depot  
  46  4:49  Supply Depot  
  46  4:52  Liberator  
  46  4:58  Liberator  
  46  5:00  Barracks Reactor  
  46  5:08  Command Center  
  46  5:09  SCV x2  
  46  5:10  Widow Mine  
  53  5:16  Command Center  
  53  5:20  Widow Mine x2  
  60  5:22  SCV x2  
  62  5:31  Supply Depot  
  62  5:36  Liberator  
  62  5:53  SCV x2  
  69  6:02  Liberator  
  69  6:03  Widow Mine  
  69  6:20  SCV x2, Marauder, Widow Mine x4  
  85  6:31  Orbital Command  
  85  6:32  SCV  
  85  6:36  Orbital Command  
  82  6:41  Widow Mine x4  
  82  6:44  Refinery  
  82  6:46  Supply Depot x2  
  92  6:50  Liberator, Terran Vehicle And Ship Armor Level 2  
  92  6:56  SCV x2  
  96  7:01  Widow Mine x2  
  96  7:02  Widow Mine x2  
  96  7:08  Marauder, Widow Mine x2  
  109  7:09  Refinery  
  109  7:10  SCV x2  
  111  7:15  Orbital Command  
  111  7:22  SCV, Widow Mine  
  114  7:23  SCV, Unknown  
  115  7:32  Widow Mine  
  115  7:35  SCV, Marauder  
  114  7:42  Widow Mine  
  116  7:45  Liberator  
  116  7:46  Liberator  
  116  7:52  Widow Mine x2  
  116  7:59  Widow Mine  
  116  8:00  Marauder, Widow Mine  
  116  8:02  Widow Mine  
  112  8:06  Widow Mine  
  112  8:07  SCV  
  112  8:08  SCV  
  112  8:09  SCV  
  115  8:17  Widow Mine x2  
  116  8:21  Widow Mine  
  116  8:26  SCV, Marauder  
  116  8:27  SCV x2  
  115  8:28  Widow Mine  
  115  8:32  Widow Mine x2  
  116  8:42  Widow Mine  
  116  8:43  Widow Mine  
  116  8:44  Widow Mine  
  116  8:46  Liberator  
  116  8:47  Orbital Command  
  114  8:50  Widow Mine  
  116  8:56  Widow Mine  
  116  9:02  Widow Mine  
  115  9:14  Supply Depot x3  
  115  9:15  Supply Depot  
  115  9:17  Liberator  
  113  9:24  Widow Mine  
  113  9:25  SCV  
  113  9:28  SCV x2  
  113  9:29  Liberator  
  113  9:30  Marauder  
  116  9:33  SCV, Widow Mine x5  
  116  9:37  SCV  
  116  9:40  SCV x2  
  106  9:45  SCV  
  106  9:46  Widow Mine  
  106  9:49  SCV  
  106  9:51  Marauder  
  105  9:53  SCV x2  
  105  9:54  Widow Mine x3  
  105  9:58  SCV, Widow Mine  
  105  10:01  SCV  
  105  10:05  SCV x2  
  99  10:08  Refinery  
  99  10:10  SCV, Widow Mine x2  
  99  10:13  SCV, Marauder  
  103  10:15  Widow Mine  
  103  10:17  SCV, Viking  
  103  10:21  Widow Mine x2  
  103  10:26  Widow Mine  
  92  10:34  Marauder  
  78  10:39  Widow Mine x3  
  78  10:40  Liberator x2  
  78  10:41  SCV  
  78  10:42  Widow Mine x2  
  85  10:47  Widow Mine  
  81  11:00  Widow Mine x3  
  89  11:06  Marauder, Widow Mine  
  89  11:09  Widow Mine  
  95  11:12  SCV x3  
  98  11:22  Widow Mine  
  98  11:24  SCV x2  
  99  11:27  Marauder  
  99  11:28  Supply Depot  
  99  11:29  SCV  
  102  11:35  Widow Mine x3  
  102  11:36  SCV, Widow Mine x2  
  113  11:41  Command Center  
  105  11:53  Liberator  
  101  12:01  Marauder, Widow Mine  
  101  12:02  Widow Mine x5  
  108  12:16  SCV x3  
  115  12:22  Marauder  
  115  12:23  Widow Mine x6  
  115  12:27  Liberator  
  115  12:28  SCV x3  
  123  12:40  SCV x3  
  119  12:44  Marauder, Widow Mine x6  
  126  12:55  Orbital Command  
  126  12:59  Refinery  
  128  13:05  Marauder, Widow Mine  
  128  13:06  Widow Mine x5  
  128  13:07  Liberator  
  128  13:10  Liberator  
  118  13:27  Marauder, Widow Mine x2  
  126  13:39  Fusion Core  
  126  13:40  Supply Depot  
  122  13:43  Command Center  
  122  13:47  Widow Mine x3  
  122  13:48  Marauder  
  130  13:50  Liberator  
  130  13:53  Liberator  
  130  13:58  Starport  
  130  14:00  Starport  
  130  14:02  Widow Mine x3  
  125  14:05  SCV  
  125  14:06  SCV x2  
  125  14:08  Widow Mine x3  
  126  14:22  Marauder  
  126  14:23  Widow Mine  
  126  14:24  Widow Mine x2  
  134  14:29  Widow Mine  
  132  14:32  Widow Mine x2  
  132  14:33  Liberator  
  132  14:35  Liberator  
  131  14:43  Marauder  
  131  14:45  Widow Mine x3  
  127  14:46  SCV x2  
  127  14:51  Widow Mine  
  127  14:52  Starport Reactor x2  
  132  14:53  Widow Mine  
  135  15:03  Widow Mine  
  135  15:04  Marauder  
  135  15:06  Widow Mine x3  
  137  15:16  Liberator  
  134  15:30  Marauder, Widow Mine  
  134  15:31  Widow Mine, Viking x2  
  134  15:34  Widow Mine x3  
  151  15:41  Widow Mine  
  143  15:46  SCV  
  143  15:47  SCV  
  143  15:49  SCV  
  144  15:52  Marauder, Widow Mine x2  
  144  15:55  Widow Mine x3  
Show
View Real Time Build Order
Export as new Build Order

MrDicey Zerg 

Build Orders: Hatch First 

Get SALT Encoding   

  12  0:00  Drone  
  13  0:12  Overlord  
  13  0:17  Drone  
  14  0:30  Drone x2  
  16  0:49  Drone x2  
  18  0:57  Hatchery  
  18  0:58  Drone  
  18  1:03  Extractor  
  17  1:14  Spawning Pool  
  17  1:17  Drone  
  17  1:20  Drone  
  18  1:27  Drone  
  19  1:38  Drone  
  20  1:49  Overlord  
  20  2:02  Zergling x2  
  20  2:06  Pneumatized Carapace, Hatchery  
  20  2:10  Queen  
  20  2:14  Zergling x2  
  23  2:18  Drone  
  24  2:23  Drone x2  
  26  2:31  Drone  
  26  2:35  Metabolic Boost  
  27  2:38  Drone  
  27  2:43  Drone x2  
  30  2:49  Queen  
  32  2:56  Queen  
  34  3:00  Overlord  
  34  3:03  Drone  
  34  3:04  Drone  
  36  3:15  Overlord  
  36  3:20  Queen  
  36  3:25  Queen  
  40  3:30  Drone x4  
  40  3:31  Drone  
  45  3:44  Drone x3  
  48  3:56  Queen, Drone x2  
  48  3:57  Drone x5  
  48  4:01  Extractor  
  56  4:13  Lair  
  56  4:21  Overlord  
  56  4:22  Overlord  
  56  4:25  Extractor  
  55  4:32  Overlord  
  55  4:41  Drone x3  
  55  4:42  Drone x6  
  55  4:44  Extractor  
  63  4:45  Roach Warren  
  63  4:47  Evolution Chamber  
  63  4:48  Evolution Chamber  
  63  4:50  Drone x4  
  63  4:52  Drone x3  
  67  5:01  Drone x5  
  72  5:07  Overlord x2  
  72  5:10  Overseer  
  72  5:16  Zerg Ground Armor Level 1, Zerg Missile Weapons Level 1  
  72  5:19  Drone x2  
  74  5:23  Overlord  
  74  5:24  Glial Reconstitution  
  74  5:28  Burrow  
  74  5:44  Spore Crawler  
  74  5:45  Spore Crawler x2  
  74  5:46  Drone x7  
  74  5:47  Overlord x3  
  74  5:48  Roach  
  74  5:49  Roach  
  82  6:00  Overseer  
  82  6:04  Extractor  
  81  6:20  Hatchery  
  80  6:26  Drone x2  
  80  6:27  Drone x5  
  80  6:28  Extractor  
  86  6:43  Roach x13  
  112  6:48  Ravager x2  
  112  6:49  Overlord  
  114  6:55  Hatchery  
  114  6:58  Infestation Pit  
  90  7:39  Roach  
  90  7:40  Roach x18  
  90  7:41  Overseer  
  90  7:42  Overseer  
  107  8:03  Roach  
  107  8:04  Roach x10  
  117  8:16  Ravager x5  
  117  8:17  Ravager x3  
  122  8:20  Roach x3  
  122  8:21  Roach x3  
  122  8:23  Zergling x10  
  118  8:46  Drone  
  118  8:47  Drone x12  
  131  9:01  Drone x3  
  134  9:08  Overlord x5  
  134  9:14  Zerg Missile Weapons Level 2  
  134  9:16  Nydus Network  
  133  9:19  Spore Crawler  
  130  9:28  Overseer x2  
  120  9:50  Drone x5  
  120  9:51  Drone x6  
  112  10:15  Drone x9  
  119  10:38  Drone x7  
  119  10:40  Drone x3  
  119  10:41  Drone x4  
  119  10:42  Drone x5  
  138  10:46  Roach x4  
  138  10:47  Roach x3  
  127  10:52  Drone  
  118  11:08  Ravager x6  
  118  11:09  Ravager  
  118  11:10  Overlord x2  
  122  11:13  Unknown  
  122  11:15  Overseer x3  
  121  11:28  Hive  
  121  11:31  Overlord x2, Spire  
  120  11:38  Roach x6  
  120  11:39  Zergling x2  
  133  11:40  Zergling x32  
  137  11:51  Hatchery  
  137  11:52  Roach  
  137  11:53  Roach x8, Hatchery  
  147  11:54  Zergling x2  
  147  11:55  Zergling x6  
  121  12:21  Overseer x5  
  109  12:34  Drone x2  
  109  12:35  Drone  
  111  12:51  Greater Spire  
  111  12:53  Zerg Melee Weapons Level 1  
  111  12:54  Adrenal Glands  
  112  12:58  Drone x7  
  112  12:59  Drone x2  
  102  13:19  Zergling x2  
  103  13:20  Zergling x24  
  113  13:37  Corruptor, Extractor x2  
  110  13:44  Ravager x5, Overlord  
  110  13:45  Overlord x7  
  101  14:17  Drone x4  
  102  14:18  Drone x2  
  106  14:30  Corruptor x8  
  118  14:35  Zergling x26  
  121  14:48  Corruptor x2  
  119  15:00  Drone x3  
  121  15:09  Brood Lord  
  121  15:11  Zergling x22  
  119  15:30  Brood Lord  
  119  15:32  Zergling x24  
  117  15:44  Corruptor x2  
  117  15:46  Brood Lord x2  
  119  15:55  Overlord  
Tags
 
Add a new tag
Caveats
  • Supply blocks, unpowered buildings, or Contaminate may cause inaccurate times.
  • Supply counts are checked every 10 seconds.